 Dungeon Crawl Stone Soup version 0.31-a0-986-g5e6e4ef867 (webtiles) character file.

Game seed: 4026112937163790318

105 horus123 the Vexing (level 4, -1/28 HPs)
             Began as a Deep Elf Hexslinger on Nov 20, 2023.
             Slain by Duvessa
             ... wielding a +0 short sword
              (6 damage)
             ... on level 4 of the Dungeon.
             The game lasted 00:03:55 (2769 turns).

horus123 the Vexing (Deep Elf Hexslinger)           Turns: 2769, Time: 00:03:55

Health: -1/28      AC:  3    Str:  7    XL:     4   Next: 53%
Magic:  9/9        EV: 13    Int: 18    God:
Gold:   175        SH:  0    Dex: 17    Spells: 7/7 levels left

rFire   . . .        a - +1 sling
rCold   . . .        (no shield)
rNeg    . . .        c - +0 robe
rPois   .            (no helmet)
rElec   .            (no cloak)
rCorr   .            (no gloves)
SInv    .            k - +0 pair of boots
Will    ++...        (no amulet)
Stlth   ++           d - ring of willpower
HPRegen 0.24/turn    h - ring of willpower
MPRegen 0.11/turn

%: no passive effects
@: no status effects
A: no striking features
a: no special abilities


You were on level 4 of the Dungeon.
You visited 1 branch of the dungeon, and saw 4 of its levels.
You also visited: Ossuary.

You collected 175 gold pieces.

Inventory:

Hand Weapons
 a - a +1 sling (weapon)
 i - a +0 long sword
Armour
 c - a +0 robe (worn)
 k - a +0 pair of boots (worn)
Jewellery
 d - a ring of willpower (left hand)
 h - a ring of willpower (right hand)
Scrolls
 b - a scroll of poison
 e - 2 scrolls of revelation {unknown}
 f - a scroll of butterflies {unknown}
 g - 3 scrolls of teleportation {unknown}
 j - 2 scrolls of identify {unknown}
Potions
 l - a potion of might {unknown}


   Skills:
 - Level 3.0 Fighting
 - Level 4.0 Ranged Weapons
 - Level 2.4 Dodging
 + Level 2.2 Spellcasting
 - Level 4.0 Hexes
 - Level 1.1 Fire Magic


You had 7 spell levels left.
You didn't know any spells.
Your spell library contained the following spells:

 Spells                   Type           Power      Damage    Failure   Level
 Jinxbite                 Hex            32%        N/A       4%          2
 Sigil of Binding         Hex            16%        N/A       10%         3
 Inner Flame              Hex/Fire       11%        N/A       19%         3
 Cause Fear               Hex            8%         N/A       32%         4
 Dimensional Bullseye     Hex/Tloc       4%         N/A       61%         4
 Vhi's Electric Charge    Tloc/Air       4%         N/A       87%         4
 Arcjolt                  Conj/Air       1%         1d11      99%         5
 Maxwell's Capacitive Co  Air            1%         ∞         100%        8


Dungeon Overview and Level Annotations

Branches:
Dungeon (4/15)            Ossuary (visited)
 Temple: D:4-7

Altars:

Annotations:
D:4 Dowan, Duvessa


Message History

You are too injured to fight recklessly!
You are too injured to fight recklessly!
You are too injured to fight recklessly!
You are too injured to fight recklessly!
You are too injured to fight recklessly!
The mummy attacks as it pursues you! The mummy misses you.
There is a gate leading back out of this place here.
Welcome back to the Dungeon!
Level annotation: Dowan, Duvessa
There is a collapsed entrance here.
You start resting.
HP restored.
You start waiting.
The hobgoblin shouts!
Done waiting.
There is an open door here.
As you open the door, it creaks loudly!
Found an escape hatch in the floor.
There is an open door here.
There is an open door here.
You shoot a sling bullet.
Dowan shouts!
The sling bullet hits Dowan.
Dowan is lightly wounded.
Dowan gestures wildly while chanting.
Dowan blinks!
No target in view!
Duvessa shouts!
You don't know any spells.
Okay, then.
Okay, then.
Duvessa hits you with a +0 short sword. Duvessa attacks as she pursues you!
Duvessa hits you with a +0 short sword.
Duvessa zaps a wand.
The puff of flame hits you. Dowan closely misses you.
Dowan points at Duvessa and mumbles some strange words.
Duvessa seems to speed up.
Duvessa zaps a wand.
The puff of flame hits you!
* * * LOW HITPOINT WARNING * * *
Duvessa attacks as she pursues you! Duvessa hits you with a +0 short sword.
You die...

####.......#.#.....# ########
#......#.#.........### #......(
#.##.#.###...........# #.#####.
..##.#.# #.........#.#####.# #.
####.#.###........)........#####.
####'#..........e#.###.#.........
#...##########...#...#)#.#######.
#.>.# #####..e....#.#.# #. #...#
.......@.>......# ## #####
#.####..#.###.#.# .. #.####....#
#.##### #.> #.......<.# #.....#
#.. ..#######.#######.##### ###
#.................#
#.###.#######.###.# ...# #.....#
####.#############


You could see Duvessa (fast) and Dowan.

Vanquished Creatures
  4 gnolls (D:2)
  An adder (D:3)
  4 dart slugs
  3 endoplasms
  4 giant cockroaches
  A gnoll zombie (Ossuary)
  2 goblins
  8 hobgoblins
  3 ball pythons
  5 bats
  A frilled lizard (D:1)
  6 kobolds
  2 orc zombies (Ossuary)
  7 rats
51 creatures vanquished.

Notes
Turn   | Place    | Note
-------+----------+-------------------------------------------
     0 | D:1      | horus123 the Deep Elf Hexslinger began the quest for the
                  | Orb.
     0 | D:1      | Reached XP level 1. HP: 11/11 MP: 5/5
    83 | D:1      | Reached skill level 1 in Fighting
   261 | D:1      | Reached XP level 2. HP: 16/17 MP: 6/6
  1003 | D:2      | Reached XP level 3. HP: 18/22 MP: 7/7
  1136 | D:2      | You fall into a shaft and drop 1 floor!
  1225 | D:2      | Reached XP level 4. HP: 28/28 MP: 8/8
  2132 | D:4      | Noticed Duvessa
  2134 | D:4      | Noticed Dowan
  2518 | D:4      | Found a sand-covered staircase.
  2523 | Ossuary  | Entered an ossuary
  2769 | D:4      | Slain by Duvessa

Illustrated notes

Levels and vault maps discovered:
D:1:      saegor_arrival_under_anarchy, layout_basic, grunt_decor_cap,
          wander_ebering_terrifying_dragon_lair
D:2:      layout_basic, kennysheep_generic_room_2
D:3:      layout_rooms, nicolae_the_louvre
D:4:      layout_basic, nicolae_ossuary_entry_false_entrances, uniq_duvessa

Skill      XL: |  1  2  3  4 |
---------------+-------------+-----
Fighting       | 1 2 3 |  3.0
Ranged Weapons | 3 4 |  4.0
Spellcasting   | 2 |  2.2
Dodging        | |  2.4
Hexes          | |  4.0
Fire Magic     | |  1.1

Action                     |  1- 3 |  4- 6 || total
---------------------------+-------+-------++-------
   Fire: Sling             |    87 |    61 ||   148
 Armour: Robe              |    26 |    14 ||    40
  Dodge: Dodged            |    41 |     9 ||    50

Table legend: (Time is in decaauts)
 A = Elapsed time spent in this place.
 B = Non-inter-level travel time spent in this place.
 C = Inter-level travel time spent in this place.
 D = Time resting spent in this place.
 E = Time spent auto-exploring this place.
 F = Levels seen in this place.
 G = Mean time per level.
                   A        B        C        D        E       F      G
               +--------+--------+--------+--------+--------+-----+--------+
         Total |   2803 |   2689 |    114 |    372 |   1906 |   5 |  560.6 |
       Dungeon |   2770 |   2656 |    114 |    372 |   1903 |   4 |  692.5 |
       Ossuary |     33 |     33 |      0 |      0 |      3 |   1 |   33.0 |
               +--------+--------+--------+--------+--------+-----+--------+

Top non-repeatable levels by time:
     D:2: 928 daAuts
     D:1: 790 daAuts
     D:3: 713 daAuts
     D:4: 338 daAuts
 Ossuary: 33 daAuts
